 Dungeon Crawl Stone Soup version 0.28.0-45-g0d030f2227 (webtiles) character file.

Game seed: 9190183399957192026

571 selver the Cudgeller (level 7, -9/59 HPs)
             Began as a Minotaur Fighter on Apr 14, 2022.
             Mangled by an ogre
             ... wielding a +0 giant spiked club
              (16 damage)
             ... on level 5 of the Dungeon.
             The game lasted 00:08:45 (4936 turns).

selver the Cudgeller (Minotaur Fighter)             Turns: 4936, Time: 00:08:46

Health: -9/59      AC:  6    Str: 21    XL:     7   Next: 12%
Magic:  6/6        EV:  9    Int:  7    God:
Gold:   214        SH:  5    Dex:  9    Spells: 6/6 levels left

rFire   . . .      SeeInvis .   a - +0 flail
rCold   . . .      Faith    .   c - +0 buckler
rNeg    . . .      Spirit   .   b - +0 scale mail
rPois   .          Reflect  .   (helmet restricted)
rElec   .          Harm     .   (no cloak)
rCorr   .          Rampage  .   (no gloves)
Will    .....                   (no boots)
Stlth   ..........              (no amulet)
HPRegen 0.19/turn               (no ring)
MPRegen 0.10/turn               (no ring)

@: mighty
A: horns 2, retaliatory headbutt
a: no special abilities


You were on level 5 of the Dungeon.
You visited 1 branch of the dungeon, and saw 5 of its levels.

You collected 214 gold pieces.

Inventory:

Hand Weapons
 a - a +0 flail (weapon)
Armour
 b - a +0 scale mail (worn)
 c - a +0 buckler (worn)
Wands
 u - a wand of polymorph (12)
Scrolls
 f - 2 scrolls of identify {unknown}
 g - 4 scrolls of teleportation {unknown}
 j - 2 scrolls of vulnerability {unknown}
 k - a scroll of fear {unknown}
 m - a scroll of magic mapping {unknown}
 o - 2 scrolls of enchant armour {unknown}
 p - a scroll of summoning {unknown}
 q - a scroll of silence {unknown}
 r - a scroll of brand weapon {unknown}
 s - a scroll of immolation {unknown}
 t - a scroll of fog {unknown}
Potions
 e - 2 potions of curing
 h - a potion of brilliance {unknown}
 i - 2 potions of heal wounds {unknown}
 l - a potion of degeneration {unknown}
 n - a potion of haste {unknown}


   Skills:
 + Level 4.1 Fighting
 * Level 7.5 Maces & Flails
 - Level 3.6 Armour
 - Level 1.1 Dodging
 - Level 0.3 Stealth
 - Level 6.1 Shields


You had 6 spell levels left.
You didn't know any spells.
Your spell library contained the following spells:

 Spells                   Type           Power      Damage    Failure   Level
 Animate Skeleton         Necr           0%         N/A       85%         1
 Magic Dart               Conj           0%         1d3       85%         1
 Pain                     Necr           0%         1d4       85%         1
 Call Imp                 Summ           0%         N/A       94%         2
 Mephitic Cloud           Conj/Pois/Air  0%         N/A       99%         3
 Summon Guardian Golem    Hex/Summ       0%         N/A       99%         3
 Vampiric Draining        Necr           0%         2d6       99%         3
 Orb of Destruction       Conj           0%         9d5       100%        7
 Spellforged Servitor     Conj/Summ      0%         N/A       100%        7


Dungeon Overview and Level Annotations

Branches:
Dungeon (5/15)
 Temple: D:4-7

Altars:
Elyvilon
Kikubaaqudgha
The Shining One

Shops:
D:2 =


Innate Abilities, Weirdness & Mutations

You have a pair of horns on your head.
You reflexively headbutt those who attack you in melee.


Message History

Your Fighting skill increases to level 4!
You hit the iguana but do no damage. You headbutt the iguana!
The iguana is heavily wounded.
The iguana bites you but does no damage.
You barely miss the iguana.
The iguana is heavily wounded.
The iguana closely misses you. You furiously retaliate!
You headbutt the iguana. You hit the iguana.
The iguana is almost dead.
The iguana closely misses you.
You sock the iguana!
You kill the iguana!
No target in view!
u - a wand of polymorph (12)
An ogre comes into view. It is wielding a +0 giant spiked club.
You block the ogre's attack.
You hit the ogre. You headbutt the ogre!
The ogre is moderately wounded.
The ogre hits you with a +0 giant spiked club!
You feel very mighty all of a sudden. You block the ogre's attack.
You barely miss the ogre.
The ogre is moderately wounded.
The ogre hits you with a +0 giant spiked club!!
You are too injured to fight recklessly!
You sock the ogre!
The ogre is severely wounded.
You barely miss the ogre. Your headbutt misses the ogre.
The ogre is severely wounded.
The ogre hits you with a +0 giant spiked club!
* * * LOW HITPOINT WARNING * * *
You closely miss the ogre.
The ogre is severely wounded.
The ogre hits you with a +0 giant spiked club.
* * * LOW HITPOINT WARNING * * *
You hit the ogre.
The ogre is severely wounded.
The ogre hits you with a +0 giant spiked club!
You die...

#.###........#.......#
#.##...##.####..#.####
#.#.....#.####....#
#.#.......).....###
#..............##
####...#######.# #####
#.# #.#########
#..@O.....#
.......#######.#
.#####.# #.# #.# #.#
... ..


You could see an ogre.

Vanquished Creatures
  A necrophage (D:4)
  A centaur (D:5)
  A phantom (D:4)
  A scorpion (D:5)
  A water moccasin zombie (D:5)
  2 hounds
  An iguana (D:5)
  5 adders
  4 worms
  2 dart slugs (D:2)
  4 orcs
  4 endoplasms
  2 giant cockroaches
  12 goblins
  8 hobgoblins
  4 jackals (D:2)
  5 quokkas
  A ball python (D:4)
  5 bats
  4 frilled lizards
  5 kobolds
  6 rats
79 creatures vanquished.

Notes
Turn   | Place    | Note
-------+----------+-------------------------------------------
     0 | D:1      | selver the Minotaur Fighter began the quest for the Orb.
     0 | D:1      | Reached XP level 1. HP: 19/19 MP: 0/0
   135 | D:1      | Reached XP level 2. HP: 25/26 MP: 1/1
   479 | D:1      | Reached skill level 3 in Maces & Flails
   928 | D:2      | Found a glowing golden altar of the Shining One.
  1209 | D:2      | Reached XP level 3. HP: 28/31 MP: 2/2
  1251 | D:2      | Found Vynk's Jewellery Shoppe.
  1731 | D:2      | Reached skill level 4 in Maces & Flails
  2140 | D:3      | Reached XP level 4. HP: 33/39 MP: 3/3
  2460 | D:3      | Found a white marble altar of Elyvilon.
  2816 | D:3      | Reached skill level 5 in Maces & Flails
  3218 | D:4      | Reached XP level 5. HP: 45/45 MP: 4/4
  3322 | D:4      | Noticed a phantom
  3348 | D:4      | Killed a phantom
  3349 | D:4      | Reached skill level 6 in Maces & Flails
  3349 | D:4      | Reached skill level 1 in Dodging
  3578 | D:4      | Reached skill level 5 in Shields
  4117 | D:4      | Found an ancient bone altar of Kikubaaqudgha.
  4291 | D:5      | Entered Level 5 of the Dungeon
  4291 | D:5      | Noticed a centaur
  4291 | D:5      | Noticed a necrophage
  4300 | D:4      | Killed a necrophage
  4301 | D:4      | Reached XP level 6. HP: 45/51 MP: 5/5
  4349 | D:5      | Reached skill level 7 in Maces & Flails
  4674 | D:5      | Reached XP level 7. HP: 27/58 MP: 6/6
  4936 | D:5      | Mangled by an ogre

Illustrated notes

Levels and vault maps discovered:
D:1:      dpeg_arrival_water_fire, layout_basic, feat_on_display
D:2:      layout_loops_ring, serial_shops, shop_statue, basic_altar,
          supply_closet_lemuel, minmay_fractal_squares_5
D:3:      minmay_chambers_of_threes, layout_rooms,
          nicolae_elyvilon_peaceful_grove, kennysheep_generic_room_8
D:4:      layout_basic, general_overflow_altar
D:5:      layout_loops_ring, mainiacjoe_overflow_boulevard, minmay_lizard_king

Skill      XL: |  1  2  3  4  5  6  7 |
---------------+----------------------+-----
Shields        | 4 5 6 |  6.1
Maces & Flails | 3 4 5 6 7 |  7.5
Dodging        | 1 |  1.1
Fighting       | 4 |  4.1
Armour         | |  3.6
Stealth        | |  0.3

Action                   |  1- 3 |  4- 6 |  7- 9 || total
-------------------------+-------+-------+-------++-------
Melee: Flail             |    93 |   134 |    12 ||   239
       Headbutt          |     8 |    17 |     2 ||    27
  Use: Potion            |       |     1 |     1 ||     2
Armor: Scale mail        |    47 |    34 |     1 ||    82
Dodge: Dodged            |    41 |    56 |     3 ||   100
Block: Buckler           |    16 |    31 |     2 ||    49
